Randoi, chaotic male elven Ranger ------ --- |....| --.--- |....--|....| -.....|....| ---- |.---.|...-| |..| |.| |......| |d.| |.|----....--- ---..---- |.|-.........| ---- |....h..| |.|..........|--..| ---.--@|..| |.|-.......---|...-- |...||.|--- |.|--......| -...| ---.---|.| |.| --.....-----..-- |...| |.| | |.------...%.|....| ---.--- |.| |. |%.`| |..........| |...| |.|-- -..-- |.|.------.......----.--- |.|.--- -...--.|...| --.....--|...| |.....-- -....|--.-----..------.--- |......| |....| |...............| --.--.-- ---<-- --.%----------..| --- -- --- ---- ---- Randoi the Tenderfoot Experience level: 1 Strength: 18 Dexterity: 10 Constitution: 15 Intelligence: 13 Wisdom: 13 Charisma: 7 Health: 0(13) Energy: 5(5) Def: 6 Gold: 614 Moves: 2115 Dungeon seed: 1jxgdjFEtYlM9Ipg Game ID: Randoi_1642431644 Your Inventory: Weapons d - an uncursed +1 elven dagger (weapon in hand) e - an uncursed +1 elven bow (alternate weapon; not wielded) p - 31 uncursed +0 darts u - a blessed +2 dagger w - 12 uncursed +0 daggers A - an uncursed +0 bow D - 31 uncursed +0 arrows E - 2 blessed +1 arrows M - 54 uncursed +2 elven arrows Q - 33 uncursed +0 elven arrows (in quiver) Armor b - an uncursed +2 elven cloak (being worn) n - an uncursed +0 orcish helm (being worn) q - an uncursed +0 dwarvish cloak y - an uncursed +0 leather armor (being worn) z - an uncursed +0 pair of iron shoes Comestibles f - 4 uncursed lembas wafers Scrolls B - an uncursed scroll of amnesia C - an uncursed scroll of confuse monster Potions g - 2 uncursed potions of water h - an uncursed potion of invisibility k - an uncursed potion of gain ability m - an uncursed potion of levitation r - an uncursed potion of hallucination Tools x - an uncursed tallow candle (0:200) F - a cursed oil lamp (0:1210) Gems N - an uncursed worthless piece of green glass Y - an uncursed worthless piece of red glass Coins $ - 614 gold pieces Spells and supernatural/magical abilities: Name Level Category Cost Memory W - pray for help -- divine ? -- Your skills at the end: Fighting Skills wands [Basic] Weapon Skills dagger [Basic] bow [Basic] Spellcasting Skills Final Attributes: You were fervently aligned. You were immune to sleep. You saw invisible. You had automatic searching. You had infravision. You were stealthy. You were lucky. Mars was noncommittal. You are dead. Vanquished creatures: a large mimic 2 gnome lords a gnomish wizard 2 dwarves 2 iguanas 2 acid blobs a coyote 2 gas spores a large kobold 2 giant rats 3 yellow molds a green mold 7 gnomes 3 geckos 3 jackals a fox a goblin 4 sewer rats 3 grid bugs a lichen 4 kobold zombies 7 newts 54 creatures vanquished. Voluntary challenges: You were an atheist. You never hit with a wielded weapon. You were a pacifist. You read items or engraved 3 times, starting on turn 1872. You never genocided any monsters. You never polymorphed an object. You never changed form. You used no wishes. You never split a pudding. You wrote Elbereth's name 3 times, starting on turn 1872. You never violated your personal moral code. Dungeon overview: The Dungeons of Doom: levels 1 to 5 Level 1 a long staircase Level 2 a fountain, a vault Level 3 a general store stairs to The Gnomish Mines Level 4 Level 5 a fountain The Gnomish Mines: Level 4 <- You were here stairs to The Dungeons of Doom History has recorded: On T:1 you entered the Dungeons of Doom to retrieve the Amulet of Yendor! On T:85 you reached level 2 of The Dungeons of Doom. On T:539 you reached level 3 of The Dungeons of Doom. On T:930 you reached level 1 of The Gnomish Mines. On T:1088 you reached level 4 of The Dungeons of Doom. On T:1293 you reached level 5 of The Dungeons of Doom. Score breakdown: Gold: 614 ( 9486 points) Experience: 1 level ( 0 points) Exploration: 5 levels ( 10.87%) ( 8944 points) Discoveries: 4 items ( 1.36%) ( 3493 points) Valuables value: (no points given unless you survive) Artifact value: 0 ( 0 points) Variety of kills: 22 monsters ( 5.79%) ( 7218 points) Turncount: 2115 turns ( -83 points) Survival: died (score multiplied by 80%) Total score: 23246 Latest messages: The dwarf lady misses Sirius. The dwarf lady thrusts her broad short sword at Sirius. The dwarf lady misses Sirius. Sirius bites the dwarf lady. The dwarf lady thrusts her broad short sword at Sirius. The dwarf lady hits Sirius. The dwarf lady thrusts her broad short sword at Sirius. The dwarf lady misses Sirius. Sirius misses the dwarf lady. (2x) The dwarf lady thrusts her broad short sword at Sirius. The dwarf lady misses Sirius. The dwarf lady thrusts her broad short sword at Sirius. The dwarf lady misses Sirius. Sirius bites the dwarf lady. The dwarf lady thrusts her broad short sword at Sirius. The dwarf lady misses Sirius. The dwarf lady thrusts her broad short sword at Sirius. The dwarf lady hits Sirius. You write in the dust with your fingers. The dwarf lady turns to flee! The dwarf lady thrusts her broad short sword at you. The dwarf lady hits! The dwarf lady thrusts her broad short sword at you. The dwarf lady hits! You die... Final status: Goodbye Randoi the Ranger, killed by a dwarf lady... You died in The Gnomish Mines on dungeon level 4 with 23246 points, and 614 pieces of gold, after 2115 moves. You were level 1 with a maximum of 13 hit points when you died.